 Dungeon Crawl Stone Soup version 0.28-a0-804-g60983d4ba9 (webtiles) character file.

Game seed: 6032143935875035654

23 lawman0 the Grasshopper (level 2, -1/23 HPs)
             Began as a Barachi Warper on Nov 7, 2021.
             Succumbed to an adder's poison
             ... on level 2 of the Dungeon.
             The game lasted 00:00:40 (1436 turns).

lawman0 the Grasshopper (Barachi Warper)            Turns: 1436, Time: 00:00:40

Health: -1/23      AC:  3    Str: 12    XL:     2   Next: 95%
Magic:  5/5        EV: 11    Int: 13    God:
Gold:   30         SH:  0    Dex: 11    Spells: 3/5 levels left

rFire   . . .      SeeInvis .   a - +0 falchion
rCold   . . .      Faith    .   (no shield)
rNeg    . . .      Spirit   .   b - +0 leather armour
rPois   .          Reflect  .   (no helmet)
rElec   .          Harm     .   (no cloak)
rCorr   .          Rampage  .   (no gloves)
Will    .....                   (no boots)
Stlth   +.........              (no amulet)
HPRegen 0.07/turn               (no ring)
MPRegen 0.09/turn               (no ring)

@: lethally poisoned (-1 -> -9), slow
A: amphibious, slowness 1, strong legs 1, +LOS
a: Hop


You were on level 2 of the Dungeon.
You visited 1 branch of the dungeon, and saw 2 of its levels.

You collected 30 gold pieces.

Inventory:

Hand Weapons
 a - a +0 falchion (weapon)
Missiles
 d - 5 boomerangs of dispersal (quivered)
Armour
 b - a +0 leather armour (worn)
Scrolls
 c - a scroll of blinking
 e - a scroll of teleportation {unknown}
 i - a scroll of noise {unknown}
 j - a scroll of enchant weapon {unknown}
Potions
 f - a potion of resistance {unknown}
 g - a potion of lignification {unknown}
 h - a potion of degeneration {unknown}
 k - a potion of curing {unknown}


   Skills:
 + Level 2.6 Fighting
 * Level 3.1 Long Blades
 + Level 1.0 Throwing
 + Level 1.5 Armour
 + Level 2.2 Dodging
 + Level 2.2 Spellcasting
 * Level 3.8 Translocations


You had 3 spell levels left.
You knew the following spells:

 Your Spells              Type           Power      Damage    Failure   Level
a - Blink                 Tloc           22%        N/A       10%         2

Your spell library contained the following spells:

 Spells                   Type           Power      Damage    Failure   Level
 Gell's Gravitas          Tloc           11%        N/A       21%         3
 Lesser Beckoning         Tloc           11%        N/A       21%         3
 Teleport Other           Tloc           11%        N/A       21%         3
 Manifold Assault         Tloc           11%        N/A       88%         5


Dungeon Overview and Level Annotations

Branches:
Dungeon (2/15)

Altars:


Innate Abilities, Weirdness & Mutations

You are amphibious.
You cover ground slowly.
You can hop short distances.
You have an extended range of vision and can be seen from far away.


Message History

Unknown command.
There are monsters nearby!
The ball python hisses angrily.
There are monsters nearby!
You hit the ball python.
The ball python is severely wounded.
The ball python bites you. The ball python grabs you.
The ball python constricts you.
There are monsters nearby!
Unknown command.
You closely miss the ball python.
The ball python is severely wounded.
The ball python barely misses you. The ball python constricts you.
The ball python bites you. The ball python constricts you.
You closely miss the ball python.
The ball python is severely wounded.
The adder bites you but does no damage. The ball python barely misses you.
The ball python constricts you.
You barely miss the ball python.
The ball python is severely wounded.
The adder closely misses you.
The hobgoblin hits you but does no damage.
The ball python barely misses you. The ball python constricts you.
The adder bites you but does no damage.
Unknown command.
There are monsters nearby!
You barely miss the ball python.
The ball python is severely wounded.
The ball python barely misses you. The ball python constricts you.
The adder bites you.
You are poisoned.
The adder poisons you! The hobgoblin hits you.
The ball python bites you but does no damage.
The ball python constricts you. The hobgoblin hits you.
* * * LOW HITPOINT WARNING * * *
The adder bites you.
* * * LOW HITPOINT WARNING * * *
Unknown command.
You escape the ball python's grasp.
You die...

.. ...#
.....#######
........@..#
.......K..?#
.......SSg.#
.#.........#
##........#
..........#
...........#
..#........#
..#####.####


You could see an adder, a hobgoblin, a ball python and a kobold.

Vanquished Creatures
  A dart slug (D:1)
  A ball python (D:1)
  2 hobgoblins (D:1)
  2 jackals (D:1)
  2 bats (D:1)
  A frilled lizard (D:1)
  5 goblins (D:1)
  2 kobolds (D:1)
  4 rats (D:1)
20 creatures vanquished.

Notes
Turn   | Place    | Note
-------+----------+-------------------------------------------
     0 | D:1      | lawman0 the Barachi Warper began the quest for the Orb.
     0 | D:1      | Reached XP level 1. HP: 17/17 MP: 3/3
   182 | D:1      | Reached XP level 2. HP: 13/23 MP: 5/5
   363 | D:1      | Learned a level 2 spell: Blink
  1435 | D:2      | HP: 1/23 [adder (2)]
  1436 | D:2      | Succumbed to an adder's poison

Illustrated notes

Levels and vault maps discovered:
D:1:      psy_arrival_fountain, layout_basic, minmay_tetromino_i2
D:2:      layout_rooms, basic_altar, item_on_display_a

Skill      XL: |  1  2 |
---------------+-------+-----
Long Blades    | 3 |  3.1
Fighting       | |  2.6
Throwing       | |  1.0
Armour         | |  1.5
Dodging        | |  2.2
Spellcasting   | |  2.2
Translocations | |  3.8

Action                   || total
-------------------------++-------
Melee: Falchion          ||    59
Armor: Leather armour    ||    21
Dodge: Dodged            ||    34

Table legend: (Time is in decaauts)
 A = Elapsed time spent in this place.
 B = Non-inter-level travel time spent in this place.
 C = Inter-level travel time spent in this place.
 D = Time resting spent in this place.
 E = Time spent auto-exploring this place.
 F = Levels seen in this place.
 G = Mean time per level.
                   A        B        C        D        E       F      G
               +--------+--------+--------+--------+--------+-----+--------+
         Total |   1627 |   1576 |     51 |    145 |   1280 |   2 |  813.5 |
       Dungeon |   1627 |   1576 |     51 |    145 |   1280 |   2 |  813.5 |
               +--------+--------+--------+--------+--------+-----+--------+

Top non-repeatable levels by time:
     D:1: 1619 daAuts
     D:2: 7 daAuts
